 Dungeon Crawl Stone Soup version 0.21-a0-461-g2470eb2 (webtiles) character file.

3456 Dysjunc the Cleaver (level 9, -2/103 HPs)
             Began as a Demonspawn Berserker on Nov 20, 2017.
             Was an Elder of Trog.
             Slain by an efreet
             ... wielding a +3 scimitar of flaming
              (10 damage)
             ... on level 10 of the Dungeon.
             The game lasted 00:22:15 (8090 turns).

Dysjunc the Cleaver (Demonspawn Berserker)          Turns: 8090, Time: 00:22:15

Health: -2/103     AC: 16    Str: 27    XL:     9   Next: 78%
Magic:  9/9        EV: 19    Int: 11    God:    Trog [****..]
Gold:   284        SH:  6    Dex: 18    Spells: 8/8 levels left

rFire    + . .     SeeInvis .   C - +0 war axe
rCold    . . .     Gourm    .   u - +1 buckler
rNeg     . . .     Faith    .   o - +4 ring mail {rF+}
rPois    +         Spirit   .   B - +0 helmet (curse)
rElec    .         Reflect  .   l - +2 cloak {rPois}
rCorr    .         Harm     .   (no gloves)
MR       ++...                  (no boots)
Stlth    ..........             (no amulet)
HPRegen  1.27/turn              (no ring)
MPRegen  0.11/turn              (no ring)

@: agile, berserking, lethally poisoned (-2 -> -3), regenerating, very quick
A: slimy green scales 1, clever 1, powered by death 1, powered by pain 1, strong
1
a: Berserk, Trog's Hand, Brothers in Arms, Burn Spellbooks, Renounce Religion


You were on level 10 of the Dungeon.
You worshipped Trog.
Trog was greatly pleased with you.
You were not hungry.

You visited 1 branch of the dungeon, and saw 8 of its levels.

You collected 284 gold pieces.

Inventory:

Hand Weapons
 a - a +0 hand axe
 c - a +0 morningstar
 C - a +0 war axe (weapon)
Missiles
 j - 5 tomahawks
 r - 128 stones (quivered)
 x - 6 javelins
Armour
 l - a +2 cloak of poison resistance (worn)
 o - a +4 ring mail of fire resistance (worn)
 u - a +1 buckler (worn)
 B - a cursed +0 helmet (worn)
 D - a +0 chain mail
Wands
 b - a wand of enslavement (12)
 k - a wand of paralysis (15)
 t - a wand of flame (31)
 y - a wand of iceblast (8)
Scrolls
 d - 2 scrolls of magic mapping
 f - 4 scrolls of identify
 g - 2 scrolls of remove curse
 s - a scroll of teleportation
Potions
 e - a potion of haste {unknown}
 i - a potion of resistance
 m - a potion of brilliance
 p - 4 potions of flight
 q - a potion of lignification
 v - 3 potions of curing
 w - a potion of agility
 z - a potion of mutation
Comestibles
 h - 8 chunks of flesh
 n - 2 meat rations
 A - 2 bread rations


   Skills:
 - Level 6.0 Fighting
 * Level 9.0 Axes
 - Level 5.2 Armour
 - Level 5.0 Dodging
 - Level 4.4 Shields


You had 8 spell levels left.
You didn't know any spells.

Dungeon Overview and Level Annotations

Branches:
Dungeon (10/15)
 Temple: D:4-7         Lair: D:8-11         Orc: D:9-12

Altars:
Ashenzari
Dithmenos
Elyvilon
Fedhas
Gozag
Nemelex Xobeh
Okawaru
Ru
Sif Muna
Uskayaw
Vehumet
Yredelemnul


Innate Abilities, Weirdness & Mutations

You are partially covered in slimy green scales. (AC +2)
You regenerate a little health from kills.
You sometimes gain a little power by taking damage.
Your mind is acute. (Int +2)
Your muscles are strong. (Str +2)


Message History

* * * LOW HITPOINT WARNING * * *
You are splashed with acid!
The acid burns!
* * * LOW HITPOINT WARNING * * *
You hit the skeletal warrior but do no damage.
The skeletal warrior is heavily damaged.
You slash the brown ugly thing!
You feel sick.
The skeletal warrior closely misses you.
The brown ugly thing stings you.
* * * LOW HITPOINT WARNING * * *
You are splashed with acid!
The acid burns!
* * * LOW HITPOINT WARNING * * *
You are too berserk!
You slash the skeletal warrior!
The skeletal warrior is heavily damaged.
You hit the efreet. You slash the brown ugly thing!
You feel sick.
You closely miss the skeletal warrior.
The skeletal warrior is heavily damaged.
You hit the efreet. You slash the brown ugly thing!
The efreet hits you with a scimitar of flaming!
You die... #.# #. #.# #. .# #. #.# #>#.# #. #.# #..§. # #.# #(.§ # #. #.# #.§..# #. #.# #.§#.# #### #.# #uzR#

>... #.# #@# ...#
#.# ####.#.#..#
#.# #.........#
#.#####.##.##...#
#.......##.<. ..#
#############.....
..#. .# . # .#


You could see a brown ugly thing, a skeletal warrior and an efreet.

Vanquished Creatures
  A troll (D:9)
  A hornet (D:10)
  2 hippogriffs (D:8)
  The ghost of Caerwyn the Ruffian, an amateur DrTm of Elyvilon (D:3)
  A hungry ghost (D:9)
  Edmund (D:5)
  A black bear (D:8)
  2 orc warriors
  2 necrophages (D:9)
  A phantom (D:4)
  3 ice beasts
  2 ogres
  A centaur (D:10)
  A crocodile (D:9)
  A big kobold (D:9)
  2 bullfrogs
  A scorpion (D:5)
  4 wights (D:8)
  A crimson imp (D:10)
  A centaur zombie (D:4)
  A bullfrog zombie (D:5)
  A jelly (D:5)
  3 orc priests
  2 hounds
  3 orc wizards
  Crazy Yiuf (D:2)
  2 centaur skeletons
  An iguana (D:5)
  2 worker ants
  Terence (D:2)
  2 hound skeletons
  A howler monkey zombie (D:8)
  5 adders
  A shadow imp (D:5)
  2 oozes
  An adder zombie (D:8)
  3 adder skeletons
  3 worms (D:5)
  A dart slug (D:2)
  4 leopard geckos
  21 orcs
  A ball python (D:2)
  3 giant cockroaches (D:2)
  12 hobgoblins
  9 jackals
  A quokka (D:2)
  A ball python skeleton (D:5)
  7 bats
  6 frilled lizards
  7 goblins
  14 kobolds
  A leopard gecko skeleton (D:9)
  A leopard gecko zombie (D:8)
  A quokka skeleton (D:8)
  6 rats
161 creatures vanquished.

Vanquished Creatures (others)
  A worker ant zombie (D:10)
  A howler monkey zombie (D:10)
2 creatures vanquished.

Grand Total: 163 creatures vanquished

Notes
Turn   | Place    | Note
-------+----------+-------------------------------------------
     0 | D:1      | Dysjunc the Demonspawn Berserker began the quest for the Orb.
     0 | D:1      | Reached XP level 1. HP: 18/18 MP: 1/1
   589 | D:1      | Gained mutation: You sometimes gain a little power by taking damage. [demonic ancestry]
   589 | D:1      | Reached XP level 2. HP: 23/24 MP: 2/2
  1328 | D:2      | Noticed Terence
  1331 | D:2      | Gained mutation: You are dopey. (Int -2) [potion of mutation]
  1331 | D:2      | Gained mutation: Your muscles are strong. (Str +2) [potion of mutation]
  1339 | D:2      | Killed Terence
  1339 | D:2      | Reached skill level 3 in Axes
  1339 | D:2      | Gained mutation: You are partially covered in slimy green scales. (AC +2) [demonic ancestry]
  1339 | D:2      | Reached XP level 3. HP: 3/29 MP: 3/3
  1804 | D:2      | Found a shattered altar of Ashenzari.
  2051 | D:2      | Reached ** piety under Trog
  2077 | D:2      | Found a runed door.
  2081 | D:2      | Noticed Crazy Yiuf
  2086 | D:2      | Killed Crazy Yiuf
  2086 | D:2      | Reached XP level 4. HP: 36/36 MP: 4/4
  2597 | D:3      | Noticed Caerwyn's ghost (amateur DrTm)
  2712 | D:3      | Killed Caerwyn's ghost
  2712 | D:3      | Reached skill level 4 in Axes
  2712 | D:3      | Reached XP level 5. HP: 42/42 MP: 5/5
  2989 | D:3      | Reached XP level 6. HP: 48/48 MP: 6/6
  3105 | D:3      | Lost mutation: Your muscles are strong. (Str +2) [potion of mutation]
  3105 | D:3      | Lost mutation: You are dopey. (Int -2) [potion of mutation]
  3105 | D:3      | Gained mutation: Your mind is acute. (Int +2) [potion of mutation]
  3105 | D:3      | Gained mutation: Your muscles are strong. (Str +2) [potion of mutation]
  3366 | D:4      | Reached skill level 1 in Shields
  3396 | D:4      | Found a white marble altar of Elyvilon.
  3642 | D:4      | Found a radiant altar of Vehumet.
  3690 | D:4      | Reached *** piety under Trog
  3989 | D:4      | Found a deep blue altar of Sif Muna.
  4104 | D:5      | Entered Level 5 of the Dungeon
  4145 | D:5      | Reached XP level 7. HP: 38/54 MP: 7/7
  4490 | D:5      | Found an iron altar of Okawaru.
  4490 | D:5      | Found a blossoming altar of Fedhas.
  4490 | D:5      | Found a hide-covered altar of Uskayaw.
  4490 | D:5      | Found an opulent altar of Gozag.
  4663 | D:5      | HP: 4/81 [shadow imp/nerve-wracking pain (5)]
  5019 | D:5      | Found a basalt altar of Yredelemnul.
  5039 | D:5      | Noticed Edmund
  5048 | D:5      | Killed Edmund
  5146 | D:5      | Found a sparkling altar of Nemelex Xobeh.
  5205 | D:5      | You fall through a shaft for 3 floors!
  5250 | D:8      | Reached skill level 5 in Axes
  5275 | D:8      | Found a sacrificial altar of Ru.
  5354 | D:8      | Noticed a hippogriff
  5369 | D:8      | Killed a hippogriff
  5369 | D:8      | Reached XP level 8. HP: 46/61 MP: 8/8
  5464 | D:8      | Noticed a hippogriff
  5485 | D:8      | Killed a hippogriff
  5485 | D:8      | Reached skill level 5 in Fighting
  5696 | D:8      | Found a shadowy altar of Dithmenos.
  5860 | D:8      | Reached skill level 6 in Axes
  6778 | D:9      | Gained mutation: You regenerate a little health from kills. [demonic ancestry]
  6778 | D:9      | Reached XP level 9. HP: 68/68 MP: 9/9
  7188 | D:9      | Reached skill level 7 in Axes
  7316 | D:9      | Reached **** piety under Trog
  7316 | D:9      | Reached skill level 5 in Dodging
  7317 | D:9      | Noticed a troll
  7327 | D:9      | Killed a troll
  7327 | D:9      | Reached skill level 5 in Armour
  7669 | D:10     | Entered Level 10 of the Dungeon
  7679 | D:10     | Reached skill level 8 in Axes
  7704 | D:10     | Noticed a komodo dragon
  8031 | D:10     | Reached skill level 9 in Axes
  8075 | D:10     | Noticed a skeletal warrior
  8082 | D:10     | Noticed a brown ugly thing
  8083 | D:10     | Noticed an efreet
  8090 | D:10     | Slain by an efreet

Vault maps used:
D:1:      elethiomel_arrival_maze
D:2:      overflow_temple_1_default, minmay_pentomino_t2, uniq_terence,
          uniq_crazy_yiuf_cottage
D:3:      first_bread, kennysheep_big_empty_room
D:4:      kennysheep_mini_moat, nicolae_overflow_crystal_walls,
          nicolae_overflow_hidden_temple, hangedman_abyss_or_decor_passed
D:5:      yredelemnul_altar_generic, lemuel_round_altar,
          chequers_temple_overflow_statue_of_worship, uniq_edmund
D:8:      marbit_many_paths, old_standard_altar, overflow_temple_1_default
D:10:     minivault_28

Skill      XL: |  1  2  3  4  5  6  7  8  9 |
---------------+----------------------------+-----
Dodging        | 2 3 4 5 |  5.0
Armour         | 2 3 4 5 |  5.2
Axes           | 3 4 5 6 9 |  9.0
Fighting       | 4 5 6 |  6.0
Shields        | 3 4 |  4.4

Action                   |  1- 3 |  4- 6 |  7- 9 || total
-------------------------+-------+-------+-------++-------
Melee: Hand axe          |   104 |   210 |   265 ||   579
       War axe           |       |       |   118 ||   118
Invok: Berserk           |     2 |     3 |    14 ||    19
       Trog's Hand       |       |     1 |     5 ||     6
  Use: Potion            |     5 |     3 |     1 ||     9
       Scroll            |       |    11 |     5 ||    16
  Eat: Chunk             |     1 |     6 |    11 ||    18
       Bread ration      |     1 |       |     1 ||     2
       Meat ration       |       |     1 |     1 ||     2
       Fruit             |       |       |     1 ||     1
       Royal jelly       |       |       |     3 ||     3
Armor: Animal skin       |    14 |       |       ||    14
       Ring mail         |     9 |    92 |   178 ||   279
Dodge: Dodged            |    65 |   127 |   221 ||   413
Block: Buckler           |       |    19 |    92 ||   111

Table legend:
 A = Spawn XP
 B = Non-spawn XP
 C = Spawn XP percentage of total XP
 D = Spawn monster count
 E = Non-spawn monster count
 F = Spawn count percentage of total count
 G = Total turns spent on level
                    A         B        C        D         E        F      G
               +---------+---------+-------+---------+---------+-------+---------
         Total |       0 |    4938 |   0.0 |       0 |     161 |   0.0 |  8090
               +---------+---------+-------+---------+---------+-------+---------
           D:1 |       0 |      22 |   0.0 |       0 |      15 |   0.0 |  1130
           D:2 |       0 |     133 |   0.0 |       0 |      25 |   0.0 |  1386
           D:3 |       0 |     241 |   0.0 |       0 |      24 |   0.0 |   821
           D:4 |       0 |     323 |   0.0 |       0 |      11 |   0.0 |   767
           D:5 |       0 |     602 |   0.0 |       0 |      27 |   0.0 |  1101
           D:8 |       0 |    1276 |   0.0 |       0 |      21 |   0.0 |  1529
           D:9 |       0 |    1419 |   0.0 |       0 |      21 |   0.0 |   935
          D:10 |       0 |     922 |   0.0 |       0 |      17 |   0.0 |   421
               +---------+---------+-------+---------+---------+-------+---------
